Map: Cactus Valley LE (Void)

Players

Musumeci - Winner!

  • Race: Zerg Zerg
  • League: Diamond
  • Spawn Location: 7:00

Flo

  • Race: Protoss Protoss
  • League: Diamond
  • Spawn Location: 5:00

VOD

Have the link to the VOD?

Description

Time

  • Played on: March 26, 2017, 2:07 p.m.
  • Length: 11:27
Show
View Real Time Build Order
Export as new Build Order

Musumeci Zerg - Winner!

Build Orders: Hatch First 

Get SALT Encoding   

  12  0:01  Drone  
  13  0:10  Drone  
  14  0:18  Overlord  
  14  0:24  Drone, Extractor  
  15  0:37  Drone x2  
  17  0:54  Hatchery  
  16  0:57  Drone  
  16  1:01  Drone  
  16  1:03  Extractor  
  17  1:19  Spawning Pool  
  16  1:25  Drone x2  
  16  1:29  Drone  
  19  1:38  Overlord  
  19  1:59  Drone  
  20  2:01  Drone  
  20  2:06  Queen x2  
  25  2:10  Zergling x2  
  25  2:13  Drone  
  27  2:21  Metabolic Boost  
  27  2:24  Drone  
  27  2:27  Drone  
  29  2:32  Drone  
  29  2:34  Drone  
  31  2:39  Drone  
  32  2:51  Overlord  
  31  2:58  Hatchery  
  30  3:06  Drone x4  
  30  3:10  Queen  
  36  3:21  Evolution Chamber  
  35  3:33  Zergling x2  
  35  3:34  Zergling x4  
  38  3:36  Zergling x2  
  39  3:43  Drone x3  
  39  3:44  Drone, Overlord  
  39  3:47  Spore Crawler  
  37  4:11  Drone x5  
  37  4:12  Drone x2  
  44  4:21  Lair  
  44  4:23  Drone x4, Extractor  
  47  4:24  Roach Warren  
  47  4:29  Drone  
  47  4:35  Drone x2  
  49  4:41  Extractor  
  45  5:03  Drone  
  45  5:04  Drone x9  
  45  5:06  Spore Crawler  
  54  5:10  Extractor  
  54  5:12  Zerg Missile Weapons Level 1  
  50  5:39  Drone x4  
  50  5:40  Drone x4  
  58  5:45  Hydralisk Den  
  57  6:11  Spore Crawler  
  56  6:12  Spore Crawler  
  56  6:16  Muscular Augments  
  56  6:17  Hydralisk  
  57  6:19  Overlord  
  57  6:20  Overlord x4  
  57  6:21  Overlord x3  
  57  6:25  Extractor x2  
  54  6:33  Drone x3  
  57  6:40  Roach x5  
  57  6:41  Roach  
  57  6:42  Hydralisk x4  
  77  6:47  Glial Reconstitution  
  77  6:51  Zergling x2  
  78  6:56  Hydralisk x5  
  78  7:01  Overseer  
  88  7:09  Hydralisk x3  
  88  7:14  Roach x2  
  88  7:15  Roach  
  100  7:33  Roach x3  
  100  7:35  Overlord x3  
  100  7:36  Overlord  
  80  8:13  Roach x15  
  110  8:36  Overlord x3  
  110  8:38  Zerg Missile Weapons Level 2  
  110  8:44  Drone x11  
  122  9:02  Ravager  
  122  9:03  Ravager x10  
  122  9:09  Ravager x5  
  137  9:10  Ravager  
  118  9:47  Roach  
  118  9:48  Roach x22  
  145  10:11  Roach  
  145  10:12  Roach x7  
  133  10:17  Hydralisk  
  135  10:24  Hydralisk  
  135  10:25  Hydralisk x2  
  141  10:32  Queen  
  143  10:36  Hatchery  
  143  10:37  Ravager  
  143  10:38  Ravager x5  
  143  10:40  Hydralisk  
  150  10:44  Zergling x2  
  150  10:45  Zergling x6  
  150  10:48  Hatchery  
  150  10:49  Zergling x2  
  154  10:52  Overlord  
  154  10:53  Overlord x3  
Show
View Real Time Build Order
Export as new Build Order

Flo Protoss 

Build Orders: Oracle Opening 

Get SALT Encoding   

  12  0:03  Probe (Chrono Boost)  
  13  0:14  Probe (Chrono Boost)  
  14  0:19  Pylon  
  14  0:24  Probe (Chrono Boost)  
  15  0:37  Probe (Chrono Boost)  
  16  0:48  Probe (Chrono Boost)  
  17  0:58  Probe (Chrono Boost)  
  18  1:08  Nexus  
  18  1:19  Gateway  
  18  1:23  Assimilator  
  18  1:28  Probe (Chrono Boost)  
  19  1:38  Probe (Chrono Boost)  
  19  1:39  Assimilator  
  20  1:51  Gateway  
  20  1:56  Pylon  
  20  2:02  Probe (Chrono Boost)  
  20  2:04  Zealot  
  23  2:20  Cybernetics Core  
  24  2:23  Probe (Chrono Boost)  
  24  2:26  Probe (Chrono Boost)  
  25  2:37  Probe x2 (Chrono Boost)  
  27  2:47  Pylon  
  27  2:48  Probe x2 (Chrono Boost)  
  29  2:59  Adept x2  
  29  3:02  Probe (Chrono Boost)  
  34  3:06  Probe (Chrono Boost)  
  35  3:16  Stargate  
  35  3:19  Probe x2 (Chrono Boost)  
  37  3:21  Warp Gate  
  37  3:29  Mothership Core (Chrono Boost)  
  37  3:31  Probe (Chrono Boost)  
  40  3:35  Assimilator  
  40  3:39  Assimilator  
  40  3:42  Probe (Chrono Boost)  
  40  3:48  Probe (Chrono Boost)  
  42  3:56  Oracle  
  43  4:04  Probe (Chrono Boost)  
  43  4:05  Probe (Chrono Boost)  
  43  4:14  Probe (Chrono Boost)  
  43  4:16  Twilight Council  
  45  4:17  Forge, Probe (Chrono Boost)  
  45  4:18  Adept  
  45  4:19  Adept  
  45  4:23  Pylon  
  49  4:25  Probe (Chrono Boost)  
  49  4:28  Oracle  
  49  4:29  Probe (Chrono Boost)  
  54  4:40  Pylon  
  54  4:42  Probe (Chrono Boost)  
  54  4:43  Pylon  
  55  5:07  Probe (Chrono Boost)  
  55  5:08  Probe (Chrono Boost)  
  55  5:10  Resonating Glaives  
  55  5:11  Protoss Ground Weapons Level 1  
  55  5:17  Gateway  
  55  5:18  Gateway  
  55  5:21  Gateway  
  55  5:23  Probe (Chrono Boost)  
  55  5:24  Probe (Chrono Boost)  
  55  5:27  Gateway  
  57  5:34  Probe (Chrono Boost)  
  59  5:37  Probe (Chrono Boost)  
  59  5:44  Probe (Chrono Boost)  
  59  5:46  Adept x2  
  59  5:49  Probe (Chrono Boost)  
  62  5:58  Robotics Facility  
  62  6:00  Pylon  
  62  6:04  Pylon  
  62  6:23  Gateway  
  62  6:26  Gateway  
  62  6:30  Adept x3  
  62  6:31  Adept x3  
  74  6:45  Warp Prism  
  76  6:50  Pylon  
  76  6:51  Stalker x2, Pylon  
  76  6:52  Stalker x3  
  76  6:54  Pylon  
  86  7:07  Probe (Chrono Boost)  
  88  7:08  Probe (Chrono Boost)  
  88  7:16  Adept x4  
  88  7:17  Adept x2, Protoss Ground Weapons Level 2  
  100  7:23  Charge  
  100  7:31  Immortal  
  104  7:40  Nexus  
  92  7:57  Adept x5  
  92  7:58  Adept  
  75  8:27  Probe (Chrono Boost)  
  75  8:28  Probe (Chrono Boost)  
  75  8:29  Immortal  
  75  8:31  Templar Archives  
  79  8:38  Pylon, Probe (Chrono Boost)  
  79  8:39  Zealot x4, Pylon  
  79  8:40  Zealot, Probe (Chrono Boost)  
  91  8:42  Pylon  
  91  9:01  Zealot  
  91  9:02  Zealot x3  
  97  9:03  Adept x2  
  97  9:04  Adept  
  105  9:14  Immortal  
  101  9:35  Zealot x4  
  101  9:36  Zealot x2  
  97  9:46  Zealot  
  97  9:47  Zealot  
  81  9:57  Zealot x3  
  81  9:58  Zealot x2  
  81  9:59  Zealot  
  79  10:10  Zealot x2  
  72  10:15  Immortal  
  72  10:21  Probe x3 (Chrono Boost)  
  79  10:31  High Templar x2  
  79  10:32  High Templar x3  
  89  10:37  High Templar  
  92  10:43  Probe (Chrono Boost)  
  92  10:44  Probe x2 (Chrono Boost)  
  94  10:55  Assimilator  
  96  11:00  Assimilator  
  96  11:09  Archon x3  
Tags
 
Add a new tag
Caveats
  • Supply blocks, unpowered buildings, or Contaminate may cause inaccurate times.
  • Supply counts are checked every 10 seconds.